[Event "Early-Titled-Tuesday-Blitz-March-05-2024"]
[Site "Chess.com"]
[Date "2024.03.05"]
[Round "8"]
[White "bylavochka"]
[Black "jamengrand"]
[Result "1-0"]
[WhiteElo "2339"]
[BlackElo "2445"]
[TimeControl "180+1"]
[EndTime "9:31:22 PST"]
[Termination "bylavochka won by resignation"]

1. e4 e5 2. Nf3 Nc6 3. Nc3 Nf6 4.
Bb5 Nd4 5. Nxd4 exd4 6. Ne2 Nxe4 7. Nxd4 Bc5 8. c3 Qg5 9. Qf3 Bxd4 10. Qxe4+ Kd8 11.
O-O Bb6 12. Bc4 Re8 13. Qf3 d5 14. Bxd5 Bg4 15. d4 Bxf3 16. Bxg5+ f6 17. Bxf6+ gxf6 18.
Bxf3 c6 19. Rfe1 Rg8 20. Re6 Rg6 21. Rae1 Rc8 22. Re7 Rc7 23. Re8+ Kd7 24. R1e7+ Kd6 25. Rxc7 Bxc7 26. Be4 Rg7 27. Bd3 a5 28. g3 b5 29. Bf5 a4 30. Re6+ Kd5 31. Rxf6 Bd8 32. Re6 a3 33. b3 b4 34. c4+ Kxd4 35. Rd6+ Kc3 36. Rxd8 Kb2 37. Rd2+ Ka1 38. Rc2 c5 39. g4 h5 40. h3 hxg4 41. hxg4 Re7 42. Kg2 Re5 43.
Kf3 Re1 44. g5 Rb1 45. g6 Rb2 46. g7 Rxc2 47. Bxc2 Kxa2 48. Bd3 Kb2 49. g8=Q a2 50. Qg7+ Kxb3 51. Ke4 Ka3 52. Qa1 b3 53. Qc3 Ka4 54.
Bc2 a1=Q 55. Qxa1+ Kb4 56. Qe1+ Ka3 57. Bxb3 Kb2 58. Qd2+ Ka3 59. Qd5 Kb2 60. f4 Kc3 61. f5 Kb4 62. f6 Ka5 63. Qxc5+ Ka6 64. Qb5+ Ka7 65. Kd5 Ka8 66. Kc6 1-0

[Event "Early-Titled-Tuesday-Blitz-March-05-2024"]
[Site "Chess.com"]
[Date "2024.03.05"]
[Round "8"]
[White "shirovin"]
[Black "DKmirl"]
[Result "0-1"]
[WhiteElo "2059"]
[BlackElo "2324"]
[TimeControl "180+1"]
[EndTime "9:31:22 PST"]
[Termination "DKmirl won on time"]

1. e4 c5 2. Nf3 Nc6 3. Bb5 g6 4.
c3 Bg7 5. O-O Nf6 6. e5 Nd5 7.
Bxc6 bxc6 8. d4 cxd4 9. cxd4 Qb6 10. Nc3 O-O 11. Nxd5 cxd5 12. b3 d6 13. Bf4 dxe5 14.
Bxe5 Bg4 15. Bxg7 Kxg7 16. h3 Bxf3 17. Qxf3 Qxd4 18. Rad1 Qb2 19. Rxd5 Qxa2 20. Qc3+ Kg8 21. Ra1 Rfc8 22. Qd4 Qxb3 23. Rd7 Qe6 24. Raxa7 Rxa7 25. Rxa7 Rc1+ 26. Kh2 Qd6+ 27. Qxd6 exd6 28. Rd7 Rd1 29. Kg3 Kf8 30. Kf4 Ke8 31. Ra7 Rd5 32. g4 h6 33. Ke4 Re5+ 34. Kf4 Re6 35. f3 Re7 36. Ra6 Kd7 37. Ra7+ Ke6 38. Ra6 Rc7 39. Ke4 Rc4+ 40. Ke3 Rc3+ 41. Ke4 Rb3 42. h4 Rb4+ 43. Ke3 h5 44.
gxh5 gxh5 45. f4 Rb1 46. Ra5 f5 47. Ra8 Rh1 48. Re8+ Kf7 49. Rd8 Ke7 50. Rg8 Rxh4 51. Rg5 Kf6 52. Rg8 Rh1 53. Kd4 Re1 54. Kd5 Re4 55.
Kxd6 Rxf4 56. Rh8 Kg6 57. Ke5 Re4+ 58. Kd5 h4 59. Ra8 Kg5 60. Rg8+ Kf4 61. Rg1 h3 62. Rf1+ Kg3 63. Rxf5 Rg4 64. Rf1 h2 65. Ra1 Kh3 0-1

[Event "Early-Titled-Tuesday-Blitz-March-05-2024"]
[Site "Chess.com"]
[Date "2024.03.05"]
[Round "8"]
[White "Pingah9"]
[Black "Al_Shima"]
[Result "1-0"]
[WhiteElo "2597"]
[BlackElo "2440"]
[TimeControl "180+1"]
[EndTime "9:31:23 PST"]
[Termination "Pingah9 won by resignation"]

1. e4 c6 2. Nc3 d5 3. Qf3 dxe4 4. Nxe4 Nf6 5. Bc4 Nbd7 6. d4 e6 7. Ne2 Be7 8. c3 Nxe4 9. Qxe4 Nf6 10. Qf3 b5 11.
Bxb5 O-O 12. Bxc6 Rb8 13. O-O Ba6 14. Re1 Qb6 15. Be4 Nxe4 16. Qxe4 Bb7 17. Qg4 f5 18. Qg3 Be4 19. b4 Rf6 20. f3 Bc6 21. Bf4 Rd8 22. Bc7 Qb7 23. Bxd8 Bxd8 24. Rf1 Rg6 25. Qf2 Bc7 26. a4 Bd5 27. Qe3 Qb8 28. g3 f4 29. Qd3 fxg3 30. Qb5 Qd8 31. h4 h6 32. Kg2 Qxh4 33. Rh1 Qf6 34. Raf1 Kh7 35. Qd3 Kg8 36. c4 Bb7 37. d5 exd5 38. cxd5 Rg5 39. Rd1 Rxd5 40. Qc4 Qd6 41. Nc3 Qe6 42. Nxd5 Kh7 43.
Qc2+ Kg8 44. Nc3 Qf6 45. Ne4 Qg6 46. Qc4+ Kh7 47. Qxc7 Bxe4 48. fxe4 Qxe4+ 49. Kxg3 Qe3+ 50. Kh2 Qf2+ 51. Kh3 Qf3+ 52. Qg3 Qh5+ 53. Kg2 Qe2+ 54. Qf2 Qg4+ 55. Kh2 Qh5+ 56. Kg3 Qg5+ 57. Kf3 Qf5+ 58.
Ke2 Qe4+ 59. Qe3 Qg2+ 60. Kd3 Qd5+ 61. Kc3 Qa2 62. Qe4+ Kg8 63. Rd8+ Kf7 64. Rf1+ 1-0

[Event "Early-Titled-Tuesday-Blitz-March-05-2024"]
[Site "Chess.com"]
[Date "2024.03.05"]
[Round "8"]
[White "Rikikits"]
[Black "BogdanDeac"]
[Result "1-0"]
[WhiteElo "2858"]
[BlackElo "2982"]
[TimeControl "180+1"]
[EndTime "9:31:25 PST"]
[Termination "Rikikits won on time"]

1. d4 Nf6 2. c4 e6 3. Nf3 d5 4. g3 dxc4 5. Bg2 Nc6 6. O-O Rb8 7. e3 b5 8. Qe2 Be7 9. Rd1 O-O 10. b3 cxb3 11. axb3 a6 12. e4 Bb7 13. h4 Nb4 14.
Nc3 Rc8 15. Bg5 h6 16. Bf4 c5 17. d5 exd5 18. e5 Ne8 19. e6 Bf6 20. Rac1 Nc7 21. exf7+ Rxf7 22. Ne4 Ne6 23. Be5 Be7 24. Bh3 Nf8 25.
Bb2 d4 26. Ne5 Rb8 27. Nxf7 Kxf7 28. Qh5+ Kg8 29. Nxc5 d3 30. Ne6 Qd5 31. Qxd5 Bxd5 32. Nxg7 Bxb3 33. Nf5 Bxd1 34. Rxd1 Bc5 35. Nxh6+ Kh7 36.
Nf7 Re8 37. Ng5+ Kg8 38. Bf1 Rd8 39. Bc3 Rd6 40. Bxb4 Bxb4 41. Bxd3 Kg7 42. Kf1 a5 43. Ke2 Rd5 44. Rc1 Re5+ 45. Kf3 Be7 46. Rc7 a4 47. Ra7 a3 48. Ne4 b4 49. Ke3 Re6 50. Kd2 Kh8 51.
Ng5 Bxg5+ 52. hxg5 Rc6 53. f4 Rc3 54. f5 Rb3 55. f6 Rb2+ 56. Ke3 Rg2 57. Kf4 Rf2+ 58. Ke3 Rg2 59. Kf3 Rd2 60. Be4 Rd6 61. Kf4 Rb6 62. Kf5 Rb5+ 63. Kg4 Rb6 64. g6 Nxg6 65. Bxg6 Rxf6 66.
Kg5 Rf2 67. Kh6 1-0

[Event "Early-Titled-Tuesday-Blitz-March-05-2024"]
[Site "Chess.com"]
[Date "2024.03.05"]
[Round "8"]
[White "NewYearGirl"]
[Black "sathvikadiga"]
[Result "1-0"]
[WhiteElo "2405"]
[BlackElo "2578"]
[TimeControl "180+1"]
[EndTime "9:31:25 PST"]
[Termination "NewYearGirl won on time"]

1. e4 e6 2. d4 d5 3. Nc3 Bb4 4. e5 Ne7 5. a3 Bxc3+ 6. bxc3 c5 7. Qg4 Qc7 8. Qxg7 Rg8 9. Qxh7 cxd4 10. Ne2 Nbc6 11.
f4 dxc3 12. Qd3 d4 13. Nxd4 Nxd4 14. Qxd4 Bd7 15. Rg1 Nf5 16. Qf2 Qc6 17. g4 Qe4+ 18. Qe2 Qa4 19. Be3 Nh4 20. Bf2 Ng6 21. Be3 Nxf4 22.
Qf2 Nd5 23. Bd4 Bb5 24. Rb1 Bxf1 25. Rxf1 Qd7 26. Qh4 Rc8 27. Rd1 Rc4 28. Qh7 Rf8 29. Be3 Rxg4 30. Bh6 Qe7 31. Bxf8 Qxf8 32. Qd3 Rg5 33.
Qb5+ Kd8 34. Rxd5+ exd5 35. Qxd5+ Ke8 36. Qb5+ Kd8 37.
Qa5+ Kc8 38. Qxc3+ Kb8 39. Qe3 Qe7 40. Rxf7 Qxf7 41.
Qxg5 Kc7 42. Qf6 Qc4 43. Qd6+ Kc8 44. Qf8+ Kc7 45. Qd6+ Kc8 46. Qd3 Qh4+ 47. Qg3 Qe4+ 48. Kd1 Qd4+ 49. Ke2 Qe4+ 50. Qe3 Qxc2+ 51. Kf3 Qxh2 52.
e6 Qh5+ 53. Ke4 Qg6+ 54. Ke5 Qg7+ 55. Kf5 Qf8+ 56. Kg6 Qe8+ 57. Kf6 Qf8+ 58. Ke5 Qg7+ 59. Kd5 Qf8 60. Qe5 Qe8 61. Qd6 1-0

[Event "Early-Titled-Tuesday-Blitz-March-05-2024"]
[Site "Chess.com"]
[Date "2024.03.05"]
[Round "8"]
[White "Chessmissile07"]
[Black "FairChess_on_YouTube"]
[Result "1/2-1/2"]
[WhiteElo "2921"]
[BlackElo "3102"]
[TimeControl "180+1"]
[EndTime "9:31:31 PST"]
[Termination "Game drawn by repetition"]

1. a3 g6 2. g3 Bg7 3. Bg2 Nf6 4. Nf3 O-O 5. c4 b6 6. O-O Bb7 7. Nc3 c5 8. b4 Ne4 9. Bb2 Nxc3 10. Bxc3 Bxc3 11.
dxc3 d6 12. b5 Nd7 13. a4 a5 14. Ne1 Qc7 15. Bxb7 Qxb7 16. Nc2 Rad8 17. Ne3 Nf6 18.
Nd5 Nxd5 19. Qxd5 Qxd5 20. cxd5 e5 21. e4 f5 22. f3 Kg7 23. c4 Rf6 24. Ra2 Rdf8 25.
Raf2 h5 26. f4 exf4 27. Rxf4 fxe4 28. Rxf6 Rxf6 29. Re1 Rf3 30. Rxe4 Ra3 31. Re6 Rxa4 32. Rxd6 Rxc4 33. Rxb6 a4 34. Ra6 Rb4 35. Kf2 Rxb5 36.
Rxa4 Kf6 37. Ra6+ Kf5 38. h4 Rb2+ 39. Kf3 Rb3+ 40. Kf2 Rd3 41. Rd6 Ke4 42. Rxg6 Rxd5 43. g4 c4 44. gxh5 Rxh5 45. Kg3 Rc5 46. Re6+ Kd3 47. Rd6+ Ke3 48. Re6+ Kd2 49. Rd6+ Kc1 50. Kg4 c3 51. Rf6 c2 52. Rf1+ Kd2 53. h5 c1=Q 54.
Rxc1 Rxc1 55. h6 Ke3 56. Kg5 Ke4 57. h7 Rc8 58. Kf6 Kf4 59. Kg7 Kg5 60. h8=Q Rc7+ 61.
Kg8 Rc8+ 62. Kg7 Rc7+ 63. Kg8 Rc8+ 64. Kg7 1/2-1/2

[Event "Early-Titled-Tuesday-Blitz-March-05-2024"]
[Site "Chess.com"]
[Date "2024.03.05"]
[Round "8"]
[White "jaskol95"]
[Black "Chernov_Mikhail"]
[Result "0-1"]
[WhiteElo "2579"]
[BlackElo "2414"]
[TimeControl "180+1"]
[EndTime "9:31:31 PST"]
[Termination "Chernov_Mikhail won by checkmate"]

1. e4 e6 2. d4 d5 3. Nc3 Nf6 4. e5 Nfd7 5. f4 c5 6. Nf3 Nc6 7. Be3 a6 8. Qd2 b5 9. g3 b4 10. Ne2 Qb6 11. Bh3 Be7 12. O-O O-O 13. c3 Na5 14.
Qc2 Nc4 15. Bf2 Rb8 16. f5 exf5 17. Nf4 Qh6 18. Nxd5 Qxh3 19. Nxe7+ Kh8 20. Qxf5 Ndxe5 21. Qxh3 Nxf3+ 22. Kg2 Bxh3+ 23. Kxh3 Nxb2 24. cxb4 cxb4 25. d5 Nd2 26. Rfe1 Nd3 27. Re2 Nxf2+ 28. Rxf2 Ne4 29.
Rf4 Nd6 30. Nc6 Rb5 31. Nxb4 a5 32. Nc6 Rxd5 33. Raf1 g6 34. Ra4 Ra8 35. Nd4 Kg7 36. Nb3 Nf5 37. Rc1 Re8 38. Rxa5 Rxa5 39. Nxa5 Ne3 40.
Nc4 Rc8 41. Nxe3 Rxc1 42. a4 Ra1 43. Kg2 Rxa4 44. h3 Ra3 45. Nd5 h5 46. h4 Ra2+ 47. Kh3 Ra5 48. Nf4 f6 49. Kg2 Kh6 50. Kf3 g5 51. hxg5+ fxg5 52. Ne6 Re5 53. Nd4 Rd5 54.
Ne6 Kg6 55. Kg2 Kf5 56. Ng7+ Kg4 57. Ne6 Rd2+ 58. Kf1 Rd6 59. Nc5 Rc6 60. Ne4 Rc4 61.
Nf6+ Kxg3 62. Nxh5+ Kf3 63. Kg1 g4 64. Kh2 Rc2+ 65. Kg1 g3 66. Kf1 Rc1# 0-1

[Event "Early-Titled-Tuesday-Blitz-March-05-2024"]
[Site "Chess.com"]
[Date "2024.03.05"]
[Round "8"]
[White "sokidze"]
[Black "RandomNoob04"]
[Result "1/2-1/2"]
[WhiteElo "2774"]
[BlackElo "2603"]
[TimeControl "180+1"]
[EndTime "9:31:34 PST"]
[Termination "Game drawn by agreement"]

1. d4 Nf6 2. c4 c5 3. d5 b5 4.
cxb5 a6 5. e3 axb5 6. Bxb5 Qa5+ 7.
Nc3 Bb7 8. Bd2 Qb6 9. Nf3 Nxd5 10. a4 e6 11. O-O Be7 12. e4 Nf6 13. Bf4 O-O 14.
Re1 d5 15. exd5 Nxd5 16. Nxd5 Bxd5 17. Ne5 Qb7 18. Qg4 Bf6 19. Qg3 Nc6 20. h4 Nd4 21.
Nd7 Be7 22. Nxf8 Bxf8 23. Bd3 Qxb2 24. Be5 Qd2 25. Rad1 Qh6 26. Bf4 Qh5 27. Ra1 c4 28.
Re5 cxd3 29. Rxh5 Ne2+ 30. Kh2 Nxg3 31. Bxg3 d2 32. Rd1 Bb4 33. Rxd5 exd5 34. Bf4 Rxa4 35.
Bxd2 Bxd2 36. Rxd2 Rxh4+ 37. Kg3 Rh5 38. f4 g6 39. Kf3 Kg7 40. g4 Rh3+ 41. Kg2 Ra3 42.
Rxd5 h6 43. Re5 Kf6 44. Rc5 Ra2+ 45. Kg3 Ra3+ 46. Kg2 Rb3 47. Rd5 Re3 48. Rc5 g5 49. fxg5+ hxg5 50. Rf5+ Kg6 51. Ra5 f6 52. Rb5 Re6 53.
Kf3 Rd6 54. Ra5 Rb6 55. Rc5 Rb3+ 56. Kf2 Rb4 57. Kf3 Rf4+ 58. Kg3 f5 59. Rc6+ Kg7 60. gxf5 Rxf5 61. Kg4 Ra5 62. Rd6 Rb5 63. Rc6 Ra5 64. Rd6 Rb5 1/2-1/2

[Event "Early-Titled-Tuesday-Blitz-March-05-2024"]
[Site "Chess.com"]
[Date "2024.03.05"]
[Round "8"]
[White "M1711"]
[Black "chupitroko32"]
[Result "1-0"]
[WhiteElo "2573"]
[BlackElo "2377"]
[TimeControl "180+1"]
[EndTime "9:31:34 PST"]
[Termination "M1711 won by resignation"]

1. e4 d5 2. exd5 Qxd5 3. Nc3 Qd8 4. Bc4 Nf6 5. d3 Nc6 6. Nge2 Na5 7. Bb3 Nxb3 8. axb3 b6 9. O-O Bb7 10. Ng3 e6 11.
Nce4 Nxe4 12. Nxe4 Be7 13. Qg4 O-O 14. Bh6 Bf6 15.
Nxf6+ Qxf6 16. Be3 Qg6 17. Qxg6 hxg6 18. b4 Rfd8 19. f3 f6 20. Kf2 Kf7 21. h4 e5 22. Rh1 a6 23. Ra3 Rh8 24. c4 Rh5 25. g4 Rhh8 26. Kg3 g5 27. h5 Ke6 28. Rc1 Bc6 29. Rca1 Bb7 30. Rc3 Bc6 31. Bf2 Rhd8 32.
Rca3 Bb7 33. Bg1 Rd7 34. Rc1 Rad8 35. Rcc3 Kf7 36. c5 Bc8 37. cxb6 cxb6 38. Bxb6 Re8 39.
Kf2 Re6 40. Bc5 Bb7 41. Ke3 Rc6 42. Ba7 Rcd6 43. Bc5 Rc6 44. Ra1 Rc8 45. Rac1 Bd5 46. Bb6 Rb8 47. Rc7 Rb7 48. Rxd7+ Rxd7 49. Rc5 Ke6 50.
Ba5 Kf7 51. Rc3 g6 52. hxg6+ Kxg6 53. Bb6 f5 54. gxf5+ Kxf5 55. Ra3 Bb7 56. Ra5 Rd5 57. Bc5 Rd7 58. b5 axb5 59. Rxb5 Bd5 60. Bb4 Ke6 61. Bc3 Rb7 62. Ra5 Rf7 63. Ra6+ Kf5 64. Bd2 Bb7 65.
Rb6 Rd7 66. Bc3 Bd5 67. Rb5 Ke6 68. b4 Kf5 69. d4 e4 70. fxe4+ 1-0

[Event "Early-Titled-Tuesday-Blitz-March-05-2024"]
[Site "Chess.com"]
[Date "2024.03.05"]
[Round "8"]
[White "ValentunHulka"]
[Black "DeArron_Fox"]
[Result "1/2-1/2"]
[WhiteElo "2773"]
[BlackElo "2536"]
[TimeControl "180+1"]
[EndTime "9:31:37 PST"]
[Termination "Game drawn by repetition"]

1. e4 c5 2. Nf3 e6 3. g3 d5 4. exd5 exd5 5. d4 Nf6 6. Bg2 Nc6 7. O-O Be7 8. dxc5 O-O 9. Be3 Bg4 10. c3 Ne4 11. Qa4 Bxf3 12. Bxf3 Bxc5 13. Bxc5 Nxc5 14. Qb5 Qd6 15. Rd1 a6 16. Qf1 Ne7 17. Nd2 Qf6 18. Bg2 Rad8 19. Nf3 Nc6 20. Nd4 Ne4 21. Nxc6 Qxc6 22.
Rd4 Rfe8 23. Rad1 Qb6 24. Qd3 Nf6 25. Qd2 h6 26. h3 Qc5 27. c4 Qb6 28. cxd5 Rd6 29.
g4 Red8 30. Bf3 Nd7 31. b3 Ne5 32. Bg2 Ng6 33. Qe3 Rf6 34. f4 Qd6 35. Rf1 Nf8 36.
Qe5 Qb6 37. Kh1 Re8 38. Qxe8 Qxd4 39. Qe5 Qxe5 40. fxe5 Rxf1+ 41. Bxf1 Nd7 42. e6 fxe6 43. dxe6 Nc5 44. Bg2 b6 45. Bd5 Kf8 46. b4 Nd3 47. a3 Ke7 48. Kh2 Nf4 49. Bc4 a5 50. Kg3 Nxe6 51.
h4 axb4 52. axb4 Kd6 53. Kf3 Nd4+ 54. Ke4 Nc6 55. b5 Ne5 56. Be2 Ke6 57. Bd1 g6 58.
Be2 Kd6 59. Bd1 Ke6 60. Kd4 Kd6 61. Be2 Ke6 62. Ke4 Kd6 63. g5 hxg5 64. hxg5 Ke6 65. Kf4 Nf7 66. Bc4+ Ke7 67. Bd3 Nd6 68. Ke5 Nf7+ 69.
Kf4 Nd6 70. Be2 Ke6 71. Bd3 Ke7 1/2-1/2

[Event "Early-Titled-Tuesday-Blitz-March-05-2024"]
[Site "Chess.com"]
[Date "2024.03.05"]
[Round "8"]
[White "FREDERICKtheMATE"]
[Black "Lady_Nika"]
[Result "1-0"]
[WhiteElo "2720"]
[BlackElo "2565"]
[TimeControl "180+1"]
[EndTime "9:31:37 PST"]
[Termination "FREDERICKtheMATE won on time"]

1. d4 d5 2. c4 e6 3. Nc3 f5 4.
Nf3 Nf6 5. Bf4 c6 6. e3 Bd6 7. Bxd6 Qxd6 8. c5 Qe7 9. Ne5 Nbd7 10. f4 Nxe5 11. fxe5 Ne4 12. Nxe4 fxe4 13. g3 O-O 14. Bg2 b6 15. Rc1 Ba6 16. Qd2 Qb7 17. b3 Bd3 18.
Bf1 Bxf1 19. Rxf1 Qa6 20. Rf2 Rxf2 21. Kxf2 Rf8+ 22. Kg2 bxc5 23. dxc5 Qb5 24. Qc2 a5 25. a3 Rb8 26. Rb1 a4 27. b4 Rf8 28. Re1 Rf5 29.
Qc3 h5 30. h4 Rf3 31. Qc2 Qa6 32. Qe2 Qb7 33. Rf1 Qb8 34. Rxf3 exf3+ 35. Kxf3 Qxe5 36. Qc2 Qb8 37. Qxa4 Qb7 38. Qb3 e5 39. e4 Kf8 40.
exd5 cxd5 41. b5 Qf7+ 42. Kg2 Qg6 43. b6 Ke7 44. Qxd5 Qc2+ 45. Kh3 Qf5+ 46. Kh2 Qc2+ 47.
Qg2 Qb1 48. Qf2 e4 49. c6 Qc1 50. b7 e3 51. Qe2 Qd2 52. Qxd2 exd2 53. b8=Q d1=Q 54.
Qe5+ Kf7 55. Qf4+ Kg8 56. Qc4+ Kh8 57. Qa2 Qc1 58. Qg2 Qxa3 59. Qc2 Qa8 60. c7 Qc8 61.
Qc6 Kh7 62. Kg2 Qg4 63. c8=Q Qe2+ 64. Kh3 Qf1+ 65. Qg2 Qe1 66. Qf5+ Kh6 67. Qg5+ Kh7 68. Qxh5+ Kg8 69. Qgd5+ 1-0

[Event "Early-Titled-Tuesday-Blitz-March-05-2024"]
[Site "Chess.com"]
[Date "2024.03.05"]
[Round "8"]
[White "JonasEilenberg"]
[Black "jk13"]
[Result "1/2-1/2"]
[WhiteElo "2548"]
[BlackElo "2680"]
[TimeControl "180+1"]
[EndTime "9:31:37 PST"]
[Termination "Game drawn - insufficient material"]

1. d4 Nf6 2. c4 e6 3. Nc3 Bb4 4. Qc2 O-O 5. e4 d5 6. e5 Ne4 7. Bd3 c5 8. Nf3 cxd4 9. Nxd4 Nd7 10. Bf4 Ndc5 11. O-O Bxc3 12. bxc3 Nxd3 13. Qxd3 b6 14. cxd5 exd5 15. Rfd1 Qd7 16. Nb3 Qf5 17. g3 Qh3 18. Qxd5 Bf5 19. Rac1 Rac8 20. c4 Nc5 21. Nxc5 Rxc5 22.
Qg2 Qh5 23. Rd5 Rfc8 24. Rcd1 h6 25. Rxc5 Rxc5 26. f3 Rxc4 27. g4 Qg6 28. gxf5 Qxg2+ 29. Kxg2 Rxf4 30. e6 fxe6 31. fxe6 Kf8 32. Rd8+ Ke7 33.
Rd7+ Kxe6 34. Rxa7 Kf6 35. Ra6 Rb4 36. a3 Rb3 37. a4 Kf5 38. a5 b5 39. Kg3 h5 40.
Ra7 g5 41. Rf7+ Kg6 42. Rb7 g4 43. Rb6+ Kg5 44. h4+ Kf5 45. a6 Rxf3+ 46. Kg2 Rb3 47. a7 Ra3 48. Rxb5+ Kf4 49. Rxh5 Ra2+ 50. Kg1 Kg3 51.
Rf5 Rxa7 52. Rf1 Ra2 53. Rb1 Kh3 54. Rb3+ g3 55. Rb1 Kxh4 56. Rb4+ Kh3 57. Rb1 Rg2+ 58. Kh1 Rh2+ 59. Kg1 Re2 60. Kh1 Re3 61. Kg1 Rf3 62. Rc1 Rf4 63. Rb1 Rf2 64. Rc1 Re2 65. Rb1 Kg4 66.
Rb4+ Kf3 67. Rb1 Re3 68. Rc1 g2 69. Rb1 Kg3 70. Rc1 Rf3 71. Rc3 Kf4 72. Rc1 Rg3 73.
Rc4+ Kg5 74. Rc2 Kh4 75. Rxg2 Rxg2+ 76. Kxg2 1/2-1/2

[Event "Early-Titled-Tuesday-Blitz-March-05-2024"]
[Site "Chess.com"]
[Date "2024.03.05"]
[Round "8"]
[White "stollenmonster"]
[Black "ChristianArca"]
[Result "1-0"]
[WhiteElo "2891"]
[BlackElo "2700"]
[TimeControl "180+1"]
[EndTime "9:31:38 PST"]
[Termination "stollenmonster won by resignation"]

1. e4 c6 2. d4 d5 3. e5 Bf5 4. Ne2 e6 5. Ng3 Bg6 6. h4 h5 7. Bd3 Bxd3 8. cxd3 c5 9. dxc5 Bxc5 10. d4 Be7 11.
Nxh5 g6 12. Nf4 Rxh4 13. Rxh4 Bxh4 14. Nd2 Nc6 15. Nf3 Be7 16. Kf1 Kf8 17. g4 Rc8 18.
Kg2 Kg7 19. Qh1 Qb6 20. Be3 Nb4 21. Qh3 Nc2 22. Rh1 Nxe3+ 23. fxe3 Qxb2+ 24. Kg3 g5 25. Qh8+ Kf8 26. Nxe6+ fxe6 27. Rh7 Qc1 28. Qg7+ Ke8 29. Qxg8+ Kd7 30. Qf7 Re8 31. Rh6 Qxe3 32. Qxe6+ Kc7 33. Qxd5 Qf4+ 34. Kh3 Rf8 35. Rh7 Qxf3+ 36. Qxf3 Rxf3+ 37. Kg2 Rf4 38. Rxe7+ Kd8 39. Rxb7 Rxg4+ 40. Kf3 Rxd4 41. Rxa7 Rb4 42. a4 Kc8 43. e6 Kd8 44. a5 Ke8 45. a6 Ra4 46. Kg3 Kd8 47. Kf3 Ke8 48. Ke3 Kd8 49.
Kd3 Ke8 50. Kc3 g4 51. Kd3 Kd8 52. Ke3 Ke8 53. Kf2 Kf8 54. Kg3 Ke8 55. Kh4 Kd8 56. Kg5 g3 57. Kf6 Rf4+ 58. Ke5 Rf1 59. Ra8+ Ke7 60. Ra7+ Ke8 61. Rg7 Re1+ 62. Kd6 Rd1+ 63. Kc5 Ra1 64. a7 g2 65. Rxg2 Rxa7 66. Rg8+ Ke7 67. Rg7+ Kxe6 68. Rxa7 1-0

[Event "Early-Titled-Tuesday-Blitz-March-05-2024"]
[Site "Chess.com"]
[Date "2024.03.05"]
[Round "8"]
[White "Ajedrez_con_German"]
[Black "Vse_po_kaify"]
[Result "1-0"]
[WhiteElo "2592"]
[BlackElo "2342"]
[TimeControl "180+1"]
[EndTime "9:31:38 PST"]
[Termination "Ajedrez_con_German won by resignation"]

1. Nf3 c5 2. e3 Nc6 3. b3 e5 4. Bb2 d6 5. c4 g6 6. Nc3 Bg7 7. d3 f5 8. Be2 Nge7 9. O-O O-O 10. a3 h6 11. Nd2 Rb8 12. b4 Be6 13. Rb1 Qd7 14. Bf3 g5 15. Nd5 g4 16. Nxe7+ Nxe7 17. Be2 f4 18. Ne4 b6 19. Bc3 Ng6 20. Kh1 Nh4 21. g3 Ng6 22. Qd2 f3 23. Bd1 h5 24.
Ng5 Bf5 25. h4 Bh6 26. e4 Be6 27. bxc5 bxc5 28. Rxb8 Rxb8 29. Bc2 Qe7 30. Rb1 Rf8 31. Qc1 Kg7 32. Bd2 Kg8 33. Nxe6 Bxd2 34. Qxd2 Qxe6 35. Qg5 Qf6 36. Qxh5 Qe6 37. Qg5 Kh7 38. Rb7+ Rf7 39. Rxf7+ Qxf7 40. Qxg4 Ne7 41. Bd1 Ng8 42. Qxf3 Qb7 43. Qh5+ Kg7 44. Qg5+ Kf8 45. Kg2 Qb1 46. Be2 Qa2 47. Qf5+ Kg7 48. Bh5 Qd2 49. Qf7+ Kh8 50.
Bg6 Qh6 51. Bf5 a5 52. a4 Nf6 53.
Qg6 Qxg6 54. Bxg6 Kg7 55. Bf5 Ng8 56. g4 Ne7 57. Bd7 Ng6 58. Kg3 Nf4 59. g5 Nxd3 60.
h5 Nb2 61. Bf5 Nxc4 62. h6+ Kh8 63. g6 Nd2 64. g7+ Kg8 65. Kg4 Nf1 66. Kg5 Kf7 67. Be6+ Kxe6 68. g8=Q+ Kd7 69. Qf7+ Kc6 70. h7 Nd2 71.
Qd5+ Kc7 72. Qxd2 1-0

[Event "Early-Titled-Tuesday-Blitz-March-05-2024"]
[Site "Chess.com"]
[Date "2024.03.05"]
[Round "8"]
[White "atbenina64"]
[Black "Eliwood44"]
[Result "1/2-1/2"]
[WhiteElo "2716"]
[BlackElo "2516"]
[TimeControl "180+1"]
[EndTime "9:31:40 PST"]
[Termination "Game drawn - insufficient material"]

1. Nf3 d5 2. g3 g6 3. c4 c6 4.
Qa4 dxc4 5. Qxc4 Bg7 6. Bg2 Nf6 7. Nc3 O-O 8. d4 Nbd7 9. O-O Nb6 10. Qd3 Be6 11.
b3 Rc8 12. e4 Bg4 13. Ne5 c5 14. Be3 cxd4 15. Bxd4 Be6 16. Rfd1 Ng4 17. Nxg4 Qxd4 18. Qxd4 Bxd4 19. Rxd4 Rxc3 20. Ne3 Rfc8 21. e5 Rc1+ 22. Rd1 Rxa1 23. Rxa1 Rc7 24. Rd1 a5 25. f4 a4 26. bxa4 Nxa4 27. a3 Nc3 28. Rd8+ Kg7 29. Rb8 Nb5 30. g4 Nxa3 31. f5 Bc8 32. f6+ exf6 33. exf6+ Kh6 34. h4 Nc2 35. Bf3 g5 36.
Nd5 Rc5 37. Ne7 Bxg4 38. Bxg4 gxh4 39. Rg8 Ne3 40. Bf3 Rg5+ 41. Rxg5 Kxg5 42. Ng8 b5 43. Kf2 Nc4 44. Ne7 Kxf6 45. Nd5+ Ke5 46. Nc7 Nd6 47. Be2 b4 48. Bd1 f5 49. Na6 Ne4+ 50.
Kg1 Nc3 51. Bc2 Nd5 52. Nc5 Kd4 53. Ne6+ Kc3 54. Bxf5 b3 55. Nc5 b2 56. Na4+ Kb3 57.
Nc5+ Kc3 58. Na4+ Kb3 59. Nxb2 Kxb2 60. Bxh7 Kc3 61. Kh2 Nf4 62. Be4 Kd4 63. Ba8 Ke3 64.
Bb7 Kf2 65. Ba8 Ke3 66. Bb7 Kd4 67. Ba8 Ke5 68. Bb7 Kf5 69. Ba8 Kg4 70. Bb7 Ne2 71. Bc8+ Kf4 72. Kh3 Kg5 73. Bb7 Nd4 74. Kh2 Nf5 75.
Bc8 Nh6 76. Bd7 Ng4+ 77. Bxg4 Kxg4 78. Kg2 h3+ 79. Kh1 h2 80. Kxh2 1/2-1/2

[Event "Early-Titled-Tuesday-Blitz-March-05-2024"]
[Site "Chess.com"]
[Date "2024.03.05"]
[Round "8"]
[White "Kislov_Oleg"]
[Black "Cambek64"]
[Result "1/2-1/2"]
[WhiteElo "2571"]
[BlackElo "2457"]
[TimeControl "180+1"]
[EndTime "9:31:48 PST"]
[Termination "Game drawn - insufficient material"]

1. d4 c5 2. dxc5 e6 3. Nc3 Na6 4. e4 Nxc5 5. Be3 d6 6. Qd2 a6 7. O-O-O Qc7 8. f4 Be7 9. Nf3 Nf6 10. e5 dxe5 11. Nxe5 O-O 12. g4 Rd8 13. Qe1 Rxd1+ 14.
Qxd1 b5 15. Bg2 Bb7 16. Bxb7 Qxb7 17. Rf1 b4 18. Ne2 Rd8 19. Nd4 Qe4 20. Qf3 Rxd4 21. Bxd4 Qxd4 22. Nc6 Qd6 23. Rd1 Nd5 24. Nxb4 Qxf4+ 25.
Qxf4 Nxf4 26. Nc6 Bg5 27. Kb1 g6 28. c4 Kg7 29. Kc2 Ng2 30. Kc3 Ne3 31. Rg1 Bf6+ 32.
Kb4 Nd3+ 33. Ka5 Nxc4+ 34. Kxa6 Ndxb2 35. g5 Bc3 36. Rc1 Bd2 37. Rc2 Bxg5 38. a4 h5 39. a5 Be3 40. Kb7 f5 41. a6 Kf6 42. a7 Bxa7 43.
Nxa7 e5 44. Kc6 e4 45. Kc5 Ke5 46. Nc6+ Kf4 47. Nd4 Ke3 48. Kd5 f4 49. Re2+ Kd3 50.
Rxe4 Na4 51. Rxf4 Nc3+ 52. Kc5 Ne4+ 53. Kd5 Nc3+ 54. Ke6 g5 55. Rf5 Kxd4 56. Rxg5 Ne4 57.
Rxh5 Ne3 58. Rh8 Ng5+ 59. Kf6 Ne4+ 60. Kg6 Ke5 61. Re8+ Kf4 62. Rf8+ Kg4 63. h4 Ng2 64. h5 Nf4+ 65. Rxf4+ Kxf4 66. h6 Ng5 67. h7 Nxh7 1/2-1/2

[Event "Early-Titled-Tuesday-Blitz-March-05-2024"]
[Site "Chess.com"]
[Date "2024.03.05"]
[Round "8"]
[White "SlavenPastar"]
[Black "tarno17"]
[Result "1-0"]
[WhiteElo "2603"]
[BlackElo "2174"]
[TimeControl "180+1"]
[EndTime "9:31:52 PST"]
[Termination "SlavenPastar won on time"]

1. b3 e5 2. Bb2 d6 3. e3 Nf6 4. d4 exd4 5. exd4 d5 6. Nf3 Be7 7. Bd3 O-O 8. O-O Bg4 9. h3 Bh5 10. c4 c6 11. Bc1 Nbd7 12. Bg5 Ne4 13. Bxe7 Qxe7 14. Re1 Ndf6 15. Be2 Bxf3 16. Bxf3 Rfe8 17. Nd2 Qb4 18. Nxe4 dxe4 19. Be2 e3 20. fxe3 Rxe3 21. Bf3 Rae8 22. Rxe3 Rxe3 23. Qc2 h6 24. Rd1 Nh7 25. Qd2 Qxd2 26. Rxd2 Ng5 27. Bg4 Re1+ 28. Kh2 Kf8 29. Bc8 Ne4 30. Rd3 b6 31. Bb7 c5 32. Bc6 Ke7 33. dxc5 Nxc5 34. Rd5 Re2 35. a3 g6 36. b4 Ne4 37. Rd7+ Kf6 38. Bxe4 Rxe4 39. c5 bxc5 40.
bxc5 Rc4 41. Rc7 Ke6 42. Kg3 f5 43. Kf3 Ke5 44. Rc6 g5 45. Rxh6 Rxc5 46. Ra6 Rc3+ 47. Kf2 Rc7 48. Kf3 Rc3+ 49. Ke2 Rc7 50. a4 Ke4 51. Re6+ Kd5 52. Rg6 Ke4 53. Rxg5 Rc2+ 54. Kf1 Ra2 55. Rh5 f4 56. Ra5 Ke3 57. Re5+ Kd3 58.
a5 a6 59. h4 f3 60. gxf3 Rh2 61. Kg1 Rxh4 62. Kg2 Rf4 63. Kg3 Rb4 64. f4 Rb1 65. Kg4 Rg1+ 66. Kf5 Kd4 67. Re6 Ra1 68. Rxa6 Kd5 69.
Ra8 Kd6 70. a6 Ke7 71. a7 Kf7 72. Rh8 Ra5+ 73. Kg4 Kg6 74. a8=Q 1-0